 Dungeon Crawl Stone Soup version 0.13.2 (webtiles) character file.

5621 2FriedEggs the Conjurer (level 10, 50/54 HPs)
             Began as a Deep Elf Conjurer on Mar 2, 2019.
             Was a Follower of Sif Muna.
             Quit the game on Level 9 of the Dungeon on Mar 1, 2020.
             The game lasted 00:32:22 (10294 turns).

2FriedEggs the Conjurer (Deep Elf Conjurer)        Turns: 10294, Time: 00:32:22

HP  50/54        AC 10     Str  5      XL: 10   Next: 32%
MP  12/30        EV 16     Int 24      God: Sif Muna [*.....]
Gold 528         SH  0     Dex 15      Spells:  4 memorised, 17 levels left

Res.Fire  : . . .   See Invis. : .   (no weapon)
Res.Cold  : + . .   Warding    : +   J - +1 orc robe {rC+}
Life Prot.: + . .   Conserve   : .   (no shield)
Res.Poison: .       Res.Corr.  : .   y - +1 dwarf helmet
Res.Elec. : .       Clarity    : .   n - +1 cloak
Sust.Abil.: . .     Spirit.Shd : .   u - +0 pair of gauntlets
Res.Mut.  : .       Stasis     : .   p - +1 pair of orc boots
Res.Rott. : .       Flight     : .   D - amulet of warding
Saprovore : . . .                    E - ring of protection from magic
                                     e - ring of wizardry

@: quite resistant to hostile enchantments, fairly stealthy
A: no striking features
a: Channel Energy, Renounce Religion


You were on level 9 of the Dungeon.
You worshipped Sif Muna.
Sif Muna was aware of your devotion.
You were not hungry.

You visited 2 branches of the dungeon, and saw 10 of its levels.

You collected 508 gold pieces.

Inventory:

Missiles
 h - 4 darts (quivered)
Armour
 n - a +1 cloak (worn)
 p - a +1 pair of orcish boots (worn)
 u - a +0 pair of gauntlets (worn)
 y - a +1 dwarven helmet (worn)
 J - a +1 orcish robe of cold resistance (worn)
Comestibles
 b - 5 bread rations
 s - 5 meat rations
Scrolls
 f - 3 scrolls of identify
 l - 2 scrolls of fog
 m - a scroll of fear
 o - a scroll of recharging
 t - 2 scrolls of blinking
 w - 2 scrolls of enchant weapon I {unknown}
 x - 4 scrolls of remove curse
 z - 3 scrolls of noise {unknown}
 B - 4 scrolls of amnesia {unknown}
 F - 5 scrolls of teleportation
 H - a scroll of curse jewellery {unknown}
 L - a scroll of magic mapping {unknown}
 M - a scroll of enchant armour {unknown}
Jewellery
 e - a ring of wizardry (left hand)
 k - a cursed amulet of stasis
 q - an uncursed ring of see invisible
 A - an uncursed amulet of resist corrosion
 D - an amulet of warding (around neck)
 E - a ring of protection from magic (right hand)
Potions
 c - a potion of agility {unknown}
 d - a potion of magic {unknown}
 g - 4 potions of might
 j - 6 potions of curing
 r - 2 potions of brilliance
 C - 2 potions of degeneration {unknown}
 G - a potion of speed {unknown}
 I - a potion of paralysis {unknown}
 K - 2 potions of heal wounds {unknown}
 N - a potion of resistance {unknown}
Books
 i - a book of War Chants

   Spells                             Type                      Level
   Fire Brand                         Charms/Fire                  2
   Freezing Aura                      Charms/Ice                   2
   Shroud of Golubria                 Charms/Translocation         2
   Repel Missiles                     Charms/Air                   2
   Poison Weapon                      Charms/Poison                3
   Regeneration                       Charms/Necromancy            3
Magical staves
 a - an uncursed staff of earth


   Skills:
 + Level 4.3 Fighting
 + Level 7.1 Dodging
 - Level 2.4 Stealth
 + Level 9.9 Spellcasting
 * Level 11.8 Conjurations
 - Level 4.8 Charms


You had 17 spell levels left.
You knew the following spells:

 Your Spells              Type           Power        Failure   Level  Hunger
a - Magic Dart            Conj           ####         1%          1    None
b - Searing Ray           Conj           ######       1%          2    None
c - Iskenderun's Mystic   Conj           ######..     1%          4    #......
d - Iskenderun's Battles  Conj/Chrm      ######..     1%          4    #......


Dungeon Overview and Level Annotations

Branches:
Dungeon (9/27)             Temple (1/1) D:7            Lair (0/8) D:9
    Orc: D:6-11

Altars:
Ashenzari
Cheibriados
Elyvilon
Fedhas
Kikubaaqudgha
Makhleb
Nemelex Xobeh
Okawaru
Sif Muna
Trog
Vehumet
Xom
Yredelemnul
Zin
the Shining One

Shops:
D:6 %   D:7 =

Annotations:
D:9 Dowan, Duvessa


Message History

The magic dart hits the gnoll.
The gnoll is heavily wounded.
The gnoll misses you.
Your battlesphere fires!
The barrage of energy hits the gnoll.
You kill the gnoll!
Things that are here:
a club; a gnoll corpse You start butchering the gnoll corpse with your knife.
You continue butchering the corpse.
You finish chopping the gnoll corpse into pieces.
Things that are here:
a club; 4 chunks of gnoll flesh
There are several objects here.
Pick up a club? ((y)es/(n)o/(a)ll/(m)enu/*?g,/q)
Okay, then.
Drop what? (_ for help) (? for menu, Esc to quit)
Okay, then.
Unknown command.
Are you sure you want to abandon this character and quit the game? (Confirm with "yes".)

#.##...# #.##
##.##...#### ###.##
#..........# #...##
#..........# #...##
#..........# #...#
#..........# #..>##
#..........# #.%...
#...)*.....# #...##
#...@......#.####..#
#...).!............##
#.....)....#.#####<..
#####..##### ####
#%)# ... .... ###
.... .... . ###


There were no monsters in sight!

Vanquished Creatures
  A hill giant (D:7)
  The ghost of casual the Chiller, an experienced DsIE of Cheibriados (D:8)
  Grinder (D:4)
  Prince Ribbit (D:5)
  A hippogriff (D:8)
  A hungry ghost (D:9)
  Edmund (D:9)
  A necrophage (D:8)
  3 ice beasts
  An orc warrior (D:6)
  A black bear (D:6)
  4 centaurs
  3 phantoms
  4 ogres
  4 giant frogs
  A gnoll sergeant (D:9)
  A water moccasin (D:7)
  6 jellyfish (D:6)
  3 electric eels (D:6)
  5 hounds
  5 crimson imps
  4 orc priests
  A jelly (D:9)
  A big fish (D:6)
  6 orc wizards
  4 worker ants
  2 scorpions
  2 iguanas
  A hound skeleton (D:4)
  A mummy (D:9)
  9 adders
  4 gnolls (D:9)
  A giant centipede (D:9)
  2 worms
  2 giant eyeballs
  5 giant geckos
  18 orcs
  14 bats
  A bat skeleton (D:4)
  12 hobgoblins
  2 jackals (D:9)
  6 quokkas
  A ball python (D:5)
  3 giant cockroaches
  3 giant newts
  14 goblins
  A goblin skeleton (D:4)
  12 kobolds
  A quokka skeleton (D:4)
  14 rats
  A rat zombie (D:8)
197 creatures vanquished.

Vanquished Creatures (others)
  A goblin (D:7)
1 creature vanquished.

Grand Total: 198 creatures vanquished

Notes
Turn   | Place    | Note
--------------------------------------------------------------
     0 | D:1      | 2FriedEggs, the Deep Elf Conjurer, began the quest for the Orb.
     0 | D:1      | Reached XP level 1. HP: 10/10 MP: 4/4
   311 | D:1      | Reached XP level 2. HP: 10/15 MP: 5/7
   404 | D:1      | Learned a level 2 spell: Searing Ray
  1385 | D:2      | Reached skill level 5 in Conjurations
  1497 | D:2      | Reached XP level 3. HP: 19/19 MP: 8/10
  2512 | D:4      | Reached XP level 4. HP: 22/24 MP: 7/13
  2568 | D:4      | Learned a level 4 spell: Iskenderun's Mystic Blast
  3327 | D:4      | Reached skill level 6 in Conjurations
  3327 | D:4      | Reached XP level 5. HP: 28/28 MP: 7/17
  3439 | D:4      | Noticed Grinder
  3453 | D:4      | Paralysed by Grinder for 4 turns
  3480 | D:4      | Killed Grinder
  3480 | D:4      | Reached skill level 5 in Spellcasting
  3480 | D:4      | Reached skill level 7 in Conjurations
  3480 | D:4      | Reached XP level 6. HP: 12/32 MP: 3/20
  3766 | D:5      | Entered Level 5 of the Dungeon
  3852 | D:5      | Learned a level 4 spell: Iskenderun's Battlesphere
  4011 | D:5      | Got a brightly glowing trident
  4012 | D:5      | Identified the cursed trident of Doom {pain, Stlth} (You found it on level 5 of the Dungeon)
  4041 | D:5      | Reached skill level 1 in Charms
  4247 | D:5      | Reached XP level 7. HP: 36/36 MP: 8/22
  4567 | D:5      | Reached skill level 8 in Conjurations
  4569 | D:5      | Noticed Prince Ribbit
  4576 | D:5      | Killed Prince Ribbit
  5171 | D:6      | Reached XP level 8. HP: 41/41 MP: 20/25
  5290 | D:6      | Reached skill level 1 in Fighting
  5424 | D:6      | Found Brorchof's Food Boutique.
  5513 | D:6      | Reached skill level 9 in Conjurations
  5558 | D:6      | Found a shimmering altar of Xom.
  5558 | D:6      | Found a sparkling altar of Nemelex Xobeh.
  5558 | D:6      | Found a shattered altar of Ashenzari.
  6596 | D:7      | Found Aruz's Jewellery Shoppe.
  6615 | D:7      | Noticed a hill giant
  6624 | D:7      | Killed a hill giant
  6624 | D:7      | Reached skill level 5 in Dodging
  6624 | D:7      | Reached skill level 10 in Conjurations
  6624 | D:7      | Reached XP level 9. HP: 29/48 MP: 10/27
  7055 | D:7      | Found a staircase to the Ecumenical Temple.
  7548 | D:8      | Noticed casual's ghost (experienced DsIE)
  7565 | D:8      | Killed casual's ghost
  7565 | D:8      | Reached skill level 11 in Conjurations
  8389 | Temple   | Entered the Ecumenical Temple
  8602 | Temple   | Became a worshipper of Sif Muna the Loreminder
  8784 | D:8      | Paralysed by a giant eyeball for 3 turns
  9009 | D:8      | Reached XP level 10. HP: 54/54 MP: 16/29
  9632 | D:9      | Found a staircase to the Lair.
  9639 | D:9      | Noticed Edmund
  9649 | D:9      | Killed Edmund
  9851 | D:9      | Noticed Duvessa
  9852 | D:9      | Noticed Dowan
 10273 | D:9      | Acquired Sif Muna's first power
 10294 | D:9      | Quit the game

Action                   |  1- 3 |  4- 6 |  7- 9 | 10-12 || total
-------------------------+-------+-------+-------+-------++-------
Melee: Short sword       |     1 |    19 |       |       ||    20
       Trident           |       |     2 |     5 |       ||     7
       Unarmed           |       |       |       |     1 ||     1
Throw: Dart              |     4 |       |       |       ||     4
 Cast: Magic Dart        |    96 |    16 |   129 |    91 ||   332
       Iskenderun's Myst |       |    25 |    54 |     5 ||    84
       Searing Ray       |       |     2 |     1 |       ||     3
       Iskenderun's Batt |       |     1 |    25 |    12 ||    38
  Use: Scroll            |     5 |     6 |     6 |       ||    17
       Potion            |       |     1 |       |       ||     1
